 Dungeon Crawl Stone Soup version 0.24-a0-140-gcaa6c10 (webtiles) character file.

Game seed: 13011546188261014568

104 Lanoc the Slasher (level 4, 0/33 HPs)
             Began as an Octopode Berserker on Mar 4, 2019.
             Was a Believer of Trog.
             Slain by a gnoll
             ... wielding a +0 club
              (3 damage)
             ... on level 3 of the Dungeon.
             The game lasted 00:01:55 (1300 turns).

Lanoc the Slasher (Octopode Berserker)              Turns: 1300, Time: 00:01:56

Health: 0/33       AC:  1    Str: 16    XL:     4   Next: 80%
Magic:  4/4        EV: 14    Int:  9    God:    Trog [**....]
Gold:   126        SH:  0    Dex: 12    Spells: 3/3 levels left

rFire    . . .     SeeInvis .   a - +0 falchion
rCold    . . .     Gourm    .   (no shield)
rNeg     . . .     Faith    .   (helmet restricted)
rPois    .         Spirit   .   (no amulet)
rElec    .         Reflect  .   (no ring)
rCorr    .         Harm     .   (no ring)
MR       .....                  (no ring)
Stlth    ++........             (no ring)
HPRegen  0.11/turn              (no ring)
MPRegen  0.09/turn              (no ring)
                                (no ring)
                                (no ring)

@: no status effects
A: almost no armour, stealthy swim, amphibious, 8 rings, constrict 8, camouflage
1, gelatinous body 1
a: Berserk, Trog's Hand, Renounce Religion


You were on level 3 of the Dungeon.
You worshipped Trog.
Trog was pleased with you.
You were not hungry.

You visited 1 branch of the dungeon, and saw 3 of its levels.

You collected 126 gold pieces.

Inventory:

Hand Weapons
 a - a +0 falchion (weapon)
Wands
 o - a wand of polymorph (9)
Scrolls
 d - 3 scrolls of identify {unknown}
 g - a scroll of remove curse {unknown}
 h - a scroll of immolation {unknown}
 i - a scroll of teleportation {unknown}
 k - a scroll of fear {unknown}
 m - a scroll of magic mapping {unknown}
 n - a scroll of blinking {unknown}
Potions
 c - a potion of berserk rage {unknown}
 e - 2 potions of brilliance {unknown}
 f - a potion of heal wounds {unknown}
 j - a potion of agility {unknown}
 l - a potion of ambrosia {unknown}
Comestibles
 b - 5 rations


   Skills:
 + Level 3.7 Fighting
 * Level 4.3 Long Blades
 + Level 3.6 Dodging


You had 3 spell levels left.
You didn't know any spells.
Your spell library was empty.

Dungeon Overview and Level Annotations

Branches:
Dungeon (3/15)

Altars:


Innate Abilities, Weirdness & Mutations

You cannot wear most types of armour.
You are very stealthy in the water. (Stealth+)
You are amphibious.
You can wear up to eight rings at the same time.
You can use your tentacles to constrict eight enemies at once.
Your skin changes colour to match your surroundings (Stealth+).
Your rubbery body absorbs attacks. (AC +1, EV +1)


Message History

Trog accepts your kill.
No target in view!
You now have 113 gold pieces (gained 10).
You see here an orc corpse.
Things that are here:
a +0 dagger; a kobold corpse
Found a stone staircase leading down.
You now have 126 gold pieces (gained 13).
o - a wand of polymorph (9)
A gnoll comes into view. It is wielding a +0 flail.
A gnoll is nearby!
The gnoll shouts!
You hear a shout!
A gnoll comes into view. It is wielding a +0 halberd.
The gnoll throws a stone.
The stone hits you.
You see here a stone.
The gnoll hits you with a +0 flail!
The gnoll hits you from afar with a +0 halberd!
* * * LOW HITPOINT WARNING * * *
The gnoll hits you with a +0 club.
You die...

... .........# ... ........#. ...
..........# #.# ...#.......# #.#
............ #.# ......g.#.#.##
#.#
......######...gg#.#..###.####
................@#.##.#......####
.................#.##........#...
.................(...#...........
..................#..............
...(........)...$.............###
.............#......#...<)<..####
.......#....)........#...†.......
.........#..).÷.#.......##.##....
............##....((.............


You could see 3 gnolls.

Vanquished Creatures
  6 adders
  An ooze (D:1)
  A worm (D:2)
  2 dart slugs (D:1)
  A leopard gecko (D:2)
  5 orcs (D:3)
  5 hobgoblins
  A ball python (D:2)
  A bat (D:2)
  4 frilled lizards
  2 goblins
  6 kobolds
  5 rats (D:1)
40 creatures vanquished.

Notes
Turn   | Place    | Note
-------+----------+-------------------------------------------
     0 | D:1      | Lanoc the Octopode Berserker began the quest for the Orb.
     0 | D:1      | Reached XP level 1. HP: 16/16 MP: 1/1
    51 | D:1      | Reached XP level 2. HP: 13/21 MP: 2/2
   761 | D:2      | Reached XP level 3. HP: 23/26 MP: 3/3
   931 | D:2      | Reached skill level 4 in Long Blades
   931 | D:2      | Reached XP level 4. HP: 31/31 MP: 4/4
  1226 | D:3      | Reached ** piety under Trog
  1300 | D:3      | Slain by a gnoll

Levels and vault maps discovered:
D:1:      lightli_arrival_maybe_door_vault, layout_rooms,
          hangedman_feature_mirror, minmay_misc_feat_diagonals,
          skrybe_limestone_x
D:2:      layout_basic, first_ration
D:3:      layout_rooms, lemuel_crystal_altar

Skill      XL: |  1  2  3 |
---------------+----------+-----
Long Blades    | 4 |  4.3
Fighting       | |  3.7
Dodging        | |  3.6

Action                   |  1- 3 |  4- 6 || total
-------------------------+-------+-------++-------
Melee: Falchion          |    43 |    27 ||    70
       Constrict         |    11 |    13 ||    24
       Tentacles         |     7 |     5 ||    12
 Stab: Sleeping          |     4 |     3 ||     7
  Eat: Chunk             |       |     1 ||     1
Armor: Skin              |     1 |       ||     1
Dodge: Dodged            |    23 |    23 ||    46
       Rpst.: Falchion   |     8 |     4 ||    12

Table legend:
 A = Non-vault XP
 B = Vault XP
 C = Vault XP percentage of total XP
 D = Non-vault monster count
 E = Vault monster count
 F = Vault count percentage of total count
                 A         B        C        D         E       F
            +---------+---------+-------+---------+---------+-------
      Total |     143 |       6 |   4.0 |      38 |       2 |   5.0
            +---------+---------+-------+---------+---------+-------
        D:1 |      25 |       6 |  19.4 |      14 |       2 |  12.5
        D:2 |      83 |       0 |   0.0 |      13 |       0 |   0.0
        D:3 |      35 |       0 |   0.0 |      11 |       0 |   0.0
            +---------+---------+-------+---------+---------+-------
